 Dungeon Crawl Stone Soup version 0.22.1-2-g9c5b331 (webtiles) character file.

161 Fang the Skirmisher (level 5, -4/34 HPs)
             Began as a Gargoyle Berserker on Nov 29, 2018.
             Was a Believer of Trog.
             Slain by an iguana (11 damage)
             ... on level 3 of the Dungeon.
             The game lasted 00:04:04 (2513 turns).

Fang the Skirmisher (Gargoyle Berserker)            Turns: 2513, Time: 00:04:05

Health: -4/34      AC:  6    Str: 22    XL:     5   Next: 42%
Magic:  5/5        EV: 12    Int:  7    God:    Trog [**....]
Gold:   108        SH:  0    Dex:  9    Spells: 4/4 levels left

rFire    . . .     SeeInvis .   a - +0 hand axe
rCold    . . .     Gourm    .   (no shield)
rNeg     + . .     Faith    .   b - +0 animal skin
rPois    ∞         Spirit   .   (no helmet)
rElec    +         Reflect  .   (no cloak)
rCorr    .         Harm     .   (no gloves)
MR       .....                  (no boots)
Stlth    +.........             (no amulet)
HPRegen  0.11/turn              (no ring)
MPRegen  0.09/turn              (no ring)

@: no status effects
A: negative energy resistance 1, electricity resistance, unbreathing,
petrification resistance, rot immunity, AC +4
a: Berserk, Trog's Hand, Renounce Religion


You were on level 3 of the Dungeon.
You worshipped Trog.
Trog was pleased with you.
You were hungry.

You visited 1 branch of the dungeon, and saw 3 of its levels.

You collected 108 gold pieces.

Inventory:

Hand Weapons
 a - a +0 hand axe (weapon)
Armour
 b - a +0 animal skin (worn)
Scrolls
 d - a scroll of blinking {unknown}
 e - a scroll of fog {unknown}
 i - a scroll of amnesia {unknown}
 j - a scroll of identify {unknown}
 m - a scroll of fear {unknown}
 n - a scroll of teleportation {unknown}
Potions
 f - 2 potions of cancellation {unknown}
 g - a potion of flight {unknown}
 h - a potion of heal wounds {unknown}
 k - a potion of haste {unknown}
Comestibles
 c - 8 rations


   Skills:
 + Level 4.3 Fighting
 + Level 4.3 Axes
 + Level 2.3 Armour
 + Level 2.2 Dodging
 + Level 0.4 Stealth


You had 4 spell levels left.
You didn't know any spells.
Your spell library was empty.

Dungeon Overview and Level Annotations

Branches:
Dungeon (3/15)

Altars:
Hepliaklqana
Nemelex Xobeh


Innate Abilities, Weirdness & Mutations

You are resistant to torment.
Your stone body is resilient. (AC +4)
You are immune to poison.
You resist negative energy. (rN+)
You are resistant to electric shocks. (rElec)
You can survive without breathing.
You are immune to petrification.
You are immune to rotting.


Message History

You are too injured to fight recklessly!
You are too injured to fight recklessly!
You are too injured to fight recklessly!
You are too injured to fight recklessly!
You are too injured to fight recklessly!
You are too injured to fight recklessly!
You are too injured to fight recklessly!
You are too injured to fight recklessly!
You are feeling hungry.
You slash the iguana!
The iguana is heavily wounded.
The iguana completely misses you.
You barely miss the iguana.
The iguana is heavily wounded.
The iguana bites you!
* * * LOW HITPOINT WARNING * * *
You hit the iguana.
The iguana is severely wounded.
The iguana bites you!
You die...

#.######.#
##.# #.#
#..# #.#
#.## #.# .
##.# #.# .
#..# #.# .#
###.## #.#
<.###...##
#.#
.).......#
#@#
#.##.###..#
#l# #.##.#
#.# #.#
#....# ##.#
..#
....##.....
.##
.......# ##
.# ###.####
# # #..#
####.#


You could see an iguana.

Vanquished Creatures
  An orc wizard (D:3)
  Jessica (D:3)
  3 adders
  2 oozes
  A worm (D:2)
  A dart slug (D:1)
  A leopard gecko (D:3)
  4 orcs (D:3)
  2 ball pythons (D:2)
  6 bats (D:2)
  2 giant cockroaches
  5 hobgoblins
  7 jackals
  4 quokkas
  4 frilled lizards
  6 goblins
  3 kobolds
  6 rats
59 creatures vanquished.

Notes
Turn   | Place    | Note
-------+----------+-------------------------------------------
     0 | D:1      | Fang the Gargoyle Berserker began the quest for the Orb.
     0 | D:1      | Reached XP level 1. HP: 14/14 MP: 1/1
    33 | D:1      | Found a sparkling altar of Nemelex Xobeh.
    83 | D:1      | Reached XP level 2. HP: 7/19 MP: 2/2
  1006 | D:2      | Reached XP level 3. HP: 21/24 MP: 3/3
  1164 | D:2      | Reached ** piety under Trog
  1256 | D:2      | Reached XP level 4. HP: 22/29 MP: 4/4
  1710 | D:3      | Noticed Jessica
  1734 | D:3      | Killed Jessica
  1855 | D:3      | Found a hazy altar of Hepliaklqana.
  2277 | D:3      | Reached XP level 5. HP: 12/33 MP: 5/5
  2513 | D:3      | Slain by an iguana

Skill      XL: |  1  2  3  4 |
---------------+-------------+-----
Axes           | 3 4 |  4.3
Dodging        | 2 |  2.2
Fighting       | 4 |  4.3
Armour         | |  2.3
Stealth        | |  0.4

Action                   |  1- 3 |  4- 6 || total
-------------------------+-------+-------++-------
Melee: Hand axe          |   100 |    87 ||   187
Invok: Berserk           |       |     2 ||     2
 Stab: Sleeping          |       |     1 ||     1
  Eat: Chunk             |     1 |     2 ||     3
       Ration            |       |     1 ||     1
Armor: Animal skin       |    43 |    36 ||    79
Dodge: Dodged            |    91 |    50 ||   141
